 Dungeon Crawl Stone Soup version 0.31-a0-977-gc230f8ef24 (webtiles) character file.

Game seed: 5066022250242617459

7322 Arzdou the Mimic (level 11, -1/75 (80) HPs)
             Began as an Octopode Shapeshifter on Oct 29, 2023.
             Was a Priest of Lugonu.
             Killed by divine providence
             ... invoked by an orc priest
              (15 damage)
             ... on level 9 of the Dungeon.
             The game lasted 00:20:30 (10872 turns).

Arzdou the Mimic (Octopode Shapeshifter)           Turns: 10872, Time: 00:20:31

HP:   -1/75 (80)    AC:  3    Str: 24    XL:     11   Next: 13%
MP:   14/17         EV: 15    Int: 13    God:    Lugonu [***...]
Gold: 1350          SH:  0    Dex: 17    Spells: 10/10 levels left

rFire   + .          .
                       - Unarmed
rCold   + . .        (shield currently unavailable)
rNeg    . . .        e - +2 hat
rPois   +            (no amulet)
rElec   .            m - ring of protection from cold
rCorr   +            q - ring of resist corrosion
SInv    .            d - ring of the Archfiend {rPois rCorr Dex+6 Slay+2}
Will    .....        E - ring of wizardry
Stlth   +            t - ring of protection from fire
HPRegen 0.32/turn    H - +6 ring of strength
MPRegen 0.15/turn    (no ring)
                     (no ring)

%: wizardry (x1)
@: about to teleport, flux-form, glowing, drained
A: glow, contaminating, almost no armour, amphibious, 8 rings, camouflage 1,
gelatinous body 1, (nimble swimmer 1), tentacles
a: Begin Untransformation, Renounce Religion, Depart the Abyss, Banish


You were on level 9 of the Dungeon.
You worshipped Lugonu.
Lugonu was most pleased with you.
You were something dangerously unstable.
You visited 1 branch of the dungeon, and saw 9 of its levels.
You also visited: Bailey.

You collected 1350 gold pieces.

Inventory:

Hand Weapons
 a - a +0 shortbow
Missiles
 x - 5 curare-tipped darts
 F - 2 throwing nets
Armour
 e - a +2 hat (worn)
Jewellery
 d - the ring of the Archfiend (on tentacle) {rPois rCorr Dex+6 Slay+2}
   (You acquired it on level 6 of the Dungeon)

   [ring of dexterity]

   Dex+6:     It affects your dexterity (+6).
   Slay+2:    It affects your accuracy & damage with ranged weapons and melee
   (+2).
   rPois:     It protects you from poison rCorr: It protects you from acid and
   corrosion.
 m - a ring of protection from cold (left tentacle)
 q - a ring of resist corrosion (right tentacle)
 t - a ring of protection from fire (on tentacle)
 E - a ring of wizardry (on tentacle)
 H - a +6 ring of strength (on tentacle)
Talismans
 b - a beast talisman
 c - a flux talisman (active)
Wands
 G - a wand of quicksilver (2)
Scrolls
 i - 2 scrolls of teleportation
 j - 3 scrolls of enchant weapon
 k - 3 scrolls of brand weapon
 l - 3 scrolls of blinking
 p - a scroll of poison
 v - a scroll of vulnerability {unknown}
 y - 9 scrolls of identify
 z - a scroll of noise {unknown}
 A - 2 scrolls of silence {unknown}
Potions
 f - a potion of berserk rage {unknown}
 g - 2 potions of enlightenment {unknown}
 h - 2 potions of degeneration {unknown}
 n - 2 potions of resistance {unknown}
 o - a potion of might {unknown}
 r - 3 potions of curing {unknown}
 s - 3 potions of lignification
 u - a potion of heal wounds {unknown}
 w - a potion of mutation {unknown}
 B - 2 potions of brilliance {unknown}
 C - a potion of haste {unknown}
 D - a potion of attraction {unknown}


   Skills:
 - Level 9.0 Fighting
 + Level 4.0 Dodging
 - Level 7.0 Unarmed Combat
 - Level 8.0 Invocations
 + Level 9.7 Shapeshifting


You had 10 spell levels left.
You didn't know any spells.
Your spell library contained the following spells:

 Spells                   Type           Power      Damage    Failure   Level
 Wereblood                Tmut           0%         N/A       19%         2
 Ozocubu's Armour         Ice            0%         N/A       34%         3
 Irradiate                Conj/Tmut      0%         3d11      96%         5
 Metabolic Englaciation   Hex/Ice        0%         N/A       96%         5
 Simulacrum               Ice/Necr       0%         N/A       100%        6


Dungeon Overview and Level Annotations

Branches:
Dungeon (9/15)             Temple (0/1) D:5             Orc (0/2) D:9
 Bailey (visited)
   Lair: D:8-11

Altars:
Hepliaklqana
Okawaru
Ru
Uskayaw
Yredelemnul
Zin
The Shining One
Lugonu

Shops:
D:6 :


Innate Abilities, Weirdness & Mutations

You are something dangerously unstable.
You glow with magical radiation, making you easy to see and hit.
Foes you strike become dangerously contaminated with magical radiation.
You are incapable of wielding weapons or throwing items.
You cannot wear most types of armour.
You are amphibious.
You can wear up to eight rings at the same time.
Your skin changes colour to match your surroundings (Stealth+).
Your rubbery body absorbs attacks. (AC +1, EV +1)
((You are camouflaged when in or above water. (Stealth+)))
You have tentacles for arms and can constrict up to eight enemies at once.


Message History

You squeeze the shadow.
The shadow is severely damaged.
The shadow closely misses you.
You bludgeon the shadow!
The shadow glows dangerously bright.
The shadow is almost destroyed.
The shadow closely misses you.
You tentacle-slap the shadow.
You destroy the shadow!
Lugonu accepts your kill.
You tentacle-slap the orc wizard.
The orc wizard begins to glow.
You grab the orc wizard. You squeeze the orc wizard.
You kill the orc wizard!
Lugonu accepts your kill.
The orc priest mumbles some strange prayers to Beogh against you.
Something writhes in agony!
Your Dodging skill increases to level 4!
Something hits you.
You feel drained.
Deactivating autopickup; reactivate with Ctrl-A.
The orc priest invokes the aid of Beogh against you.
Beogh smites you!
* * * LOW HITPOINT WARNING * * *
Items here: $ ) [ †.
You miss something. You squeeze something!
You hear some strange, mumbled words.
Something tries to affect you, but you resist.
You closely miss something. Something hits you.
* * * LOW HITPOINT WARNING * * *
You feel drained.
You tentacle-slap something.
The orc wizard begins to glow.
Your grab misses the orc wizard.
The orc wizard is severely wounded.
The orc wizard hits you with a +3 dagger of draining.
* * * LOW HITPOINT WARNING * * *
You feel drained.
* * * LOW HITPOINT WARNING * * *
As you read the scroll of teleportation, it crumbles to dust.
You feel strangely unstable. The orc wizard closely misses you.
The orc priest invokes the aid of Beogh against you.
Beogh smites you!
You die...

## #.# #..# #
#..# #..# #..#
#..# ..######..#
..........#
.........o#######
.........o{op...#
.........######.#
.........# .#
.........# h#
.........# h#
.........# .#
........# .#
....... .#


You could see an orc priest, an orc wizard (invisible, contam) and an orc.

Vanquished Creatures
  Prince Ribbit (D:8)
  A shadow (D:9)
  Sigmund (D:3)
  2 yaks (D:8)
  A wyvern (D:9)
  2 wargs (D:9)
  2 water moccasins
  3 orc warriors
  A sky beast (D:8)
  An ice beast (D:5)
  3 black bears
  2 ogres
  A centaur (D:4)
  2 phantoms (D:5)
  7 kobold brigands
  6 bullfrogs
  A gnoll sergeant (D:8)
  A scorpion (D:5)
  17 wights
  7 orc priests
  7 hounds
  5 jellies
  A gnoll bouda (D:8)
  3 sleepcaps
  3 iguanas
  Natasha (thrice) (D:3)
  Terence (D:2)
  14 orc wizards
  Robin (D:1)
  6 adders
  9 gnolls
  2 white imps
  4 ufetubi
  2 worms (D:4)
  45 orcs
  6 endoplasms
  2 giant cockroaches
  8 hobgoblins
  11 jackals
  5 quokkas
  10 ball pythons
  8 bats
  6 frilled lizards
  24 goblins
  14 kobolds
  5 rats
267 creatures vanquished.

Notes
Turn   | Place    | Note
-------+----------+-------------------------------------------
     0 | D:1      | Arzdou the Octopode Shapeshifter began the quest for the
                  | Orb.
     0 | D:1      | Reached XP level 1. HP: 13/13 MP: 1/1
   284 | D:1      | Reached XP level 2. HP: 11/18 MP: 2/2
   549 | D:1      | Reached XP level 3. HP: 21/23 MP: 3/3
   906 | D:2      | Noticed Terence
   916 | D:2      | Killed Terence
   917 | D:2      | Reached XP level 4. HP: 16/28 MP: 4/4
  1131 | D:2      | Noticed Robin
  1230 | D:1      | Killed Robin
  1440 | D:2      | Found a faded altar of an unknown god.
  1591 | D:2      | Prayed at the altar of an unknown god.
  1591 | D:2      | Became a worshipper of Lugonu the Unformed
  1591 | D:2      | Reached * piety under Lugonu
  1717 | D:3      | Noticed Natasha
  1723 | D:3      | Killed Natasha
  1724 | D:3      | Reached XP level 5. HP: 33/33 MP: 5/5
  1900 | D:3      | Noticed Natasha
  1907 | D:3      | Killed Natasha
  1968 | D:3      | Noticed Natasha
  1976 | D:3      | Killed Natasha
  1977 | D:3      | Reached skill level 5 in Unarmed Combat
  1977 | D:3      | Reached XP level 6. HP: 7/38 MP: 6/6
  2242 | D:3      | Noticed Sigmund
  2248 | D:3      | Killed Sigmund
  2249 | D:3      | Reached skill level 5 in Shapeshifting
  3070 | D:4      | Reached XP level 7. HP: 40/43 MP: 7/7
  3348 | D:4      | Found a glowing golden altar of the Shining One.
  3553 | D:4      | Reached ** piety under Lugonu
  3560 | D:4      | HP: 1/43 [orc/+0 dagger (3)]
  3972 | D:4      | Found a hide-covered altar of Uskayaw.
  4419 | D:4      | Reached XP level 8. HP: 44/48 MP: 8/8
  4500 | D:5      | Entered Level 5 of the Dungeon
  4688 | D:5      | Reached skill level 1 in Invocations
  4906 | D:5      | Reached skill level 5 in Invocations
  5258 | D:5      | Identified the +4 long sword "Vathuruti" {freeze, rN++}
  5343 | D:5      | Reached XP level 9. HP: 43/53 MP: 12/14
  5381 | D:5      | Found a staircase to the Ecumenical Temple.
  5448 | D:5      | Reached *** piety under Lugonu
  5609 | D:6      | Found a hazy altar of Hepliaklqana.
  5610 | D:6      | Found a sacrificial altar of Ru.
  5610 | D:6      | Found a basalt altar of Yredelemnul.
  5611 | D:6      | Found an iron altar of Okawaru.
  5718 | D:6      | Identified 2 scrolls of acquirement
  5718 | D:6      | Acquired 724 gold pieces
  5720 | D:6      | Acquired the ring of the Archfiend {rPois rCorr Dex+6
                  | Slay+2}
  6135 | D:6      | Found Ymuptiabb's Book Shoppe.
  6411 | D:7      | Found a flagged portal.
  6419 | Bailey   | Entered a bailey
  6509 | Bailey   | Identified the ring "Dayps" {*Slow rElec rC+ rCorr Int+3}
  6731 | Bailey   | Reached skill level 5 in Fighting
  6786 | Bailey   | Noticed an orc knight
  6796 | Bailey   | Banished an orc knight
  6797 | Bailey   | Reached XP level 10. HP: 29/71 MP: 11/16
  6947 | Bailey   | Found an iron altar of Okawaru.
  7421 | D:7      | Reached **** piety under Lugonu
  8250 | D:8      | Found a glowing silver altar of Zin.
  8708 | D:8      | Noticed Prince Ribbit
  8715 | D:8      | Killed Prince Ribbit
 10258 | D:9      | Found a staircase to the Orcish Mines.
 10659 | D:9      | Noticed a two-headed ogre
 10662 | D:9      | Banished a two-headed ogre
 10663 | D:9      | Reached XP level 11. HP: 72/80 MP: 4/17
 10872 | D:9      | Killed from afar by an orc priest

Illustrated notes

Levels and vault maps discovered:
D:1:      pf_arrival_petrified_forest, layout_basic
D:2:      layout_rooms, shapermc_ecumenical_altar_hornbeckon,
          kennysheep_crisscross, uniq_terence, uniq_robin
D:3:      minmay_angry_zag, layout_basic, serial_bayou_crossing, uniq_sigmund,
          uniq_natasha
D:4:      layout_gridville, nicolae_overflow_hidden_temple,
          mainiacjoe_overflow_catwalk
D:5:      layout_cave_pools, temple_hall
D:6:      layout_rooms, chequers_temple_overflow_statue_of_worship,
          serial_shops, kennysheep_mini_moat
D:7:      layout_basic, enter_bailey_3, minmay_misc_feat_chi,
          hangedman_decor_growths
D:8:      layout_gridville, zin_academy, uniq_prince_ribbit1
D:9:      layout_long_grid, erik_orc_4, uniq_grum

Skill      XL: |  1  2  3  4  5  6  7  8  9 10 11 |
---------------+----------------------------------+-----
Unarmed Combat | 4 5 6 7 |  7.0
Shapeshifting  | 4 5 6 7 9 |  9.7
Invocations    | 6 8 |  8.0
Fighting       | 7 9 |  9.0
Dodging        | 3 4 |  4.0

Action                     |  1- 3 |  4- 6 |  7- 9 | 10-12 || total
---------------------------+-------+-------+-------+-------++-------
  Melee: Unarmed           |    69 |    88 |   222 |   231 ||   610
         Constrict         |    17 |    23 |    58 |    68 ||   166
         Tentacles         |    14 |    22 |    63 |    70 ||   169
         Punch             |     2 |     5 |     1 |       ||     8
   Fire: Shortbow          |       |       |    58 |       ||    58
 Invoke: Banish            |       |       |     1 |     6 ||     7
    Use: Scroll            |       |       |     8 |     1 ||     9
   Stab: Sleeping          |     2 |     2 |     1 |       ||     5
         Distracted        |       |       |     1 |       ||     1
 Armour: Skin              |    37 |    41 |   126 |   131 ||   335
  Dodge: Dodged            |    46 |    67 |   149 |   126 ||   388
   Form: Flux              |       |       |     1 |       ||     1

Table legend: (Time is in decaauts)
 A = Elapsed time spent in this place.
 B = Non-inter-level travel time spent in this place.
 C = Inter-level travel time spent in this place.
 D = Time resting spent in this place.
 E = Time spent auto-exploring this place.
 F = Levels seen in this place.
 G = Mean time per level.
                   A        B        C        D        E       F      G
               +--------+--------+--------+--------+--------+-----+--------+
         Total |  10823 |  10380 |    443 |   2559 |   5907 |  10 | 1082.3 |
       Dungeon |  10276 |   9833 |    443 |   2313 |   5769 |   9 | 1141.8 |
        Bailey |    547 |    547 |      0 |    246 |    138 |   1 |  547.0 |
               +--------+--------+--------+--------+--------+-----+--------+

Top non-repeatable levels by time:
     D:7: 1936 daAuts
     D:4: 1592 daAuts
     D:3: 1411 daAuts
     D:8: 1283 daAuts
     D:1: 1011 daAuts
     D:5: 902 daAuts
     D:6: 843 daAuts
     D:9: 679 daAuts
     D:2: 617 daAuts
  Bailey: 547 daAuts
